 Dungeon Crawl Stone Soup version 0.22-a0-305-gd21a89c (webtiles) character file.

34 pikmin25 the Sneak (level 3, 0/18 HPs)
             Began as a Vine Stalker Assassin on Mar 30, 2018.
             Succumbed to an adder's poison
             ... on level 2 of the Dungeon.
             The game lasted 00:08:36 (1430 turns).

pikmin25 the Sneak (Vine Stalker Assassin)          Turns: 1430, Time: 00:08:36

Health: 0/18       AC:  5    Str: 13    XL:     3   Next: 31%
Magic:  0/4        EV: 12    Int: 11    God:
Gold:   62         SH:  0    Dex: 16    Spells: 2/2 levels left

rFire    . . .     SeeInvis .   a - +2 dagger
rCold    . . .     Gourm    .   (no shield)
rNeg     . . .     Faith    .   c - +0 robe
rPois    .         Spirit   +   j - +1 helmet
rElec    .         Reflect  .   d - +0 cloak
rCorr    .         Harm     .   (no gloves)
MR       .....                  (no boots)
Stlth    +++.......             (no amulet)
HPRegen  0.06/turn              (no ring)
MPRegen  0.09/turn              (no ring)

@: lethally poisoned (0 -> -15)
A: fangs 2, magic shield, antimagic bite, no potion heal 3, rot immunity
a: no special abilities


You were on level 2 of the Dungeon.
You were hungry.

You visited 1 branch of the dungeon, and saw 2 of its levels.

You collected 62 gold pieces.

Inventory:

Hand Weapons
 a - a +2 dagger (weapon)
 b - a +0 blowgun
 k - a +0 hunting sling
 m - a cursed -1 dagger
Missiles
 e - 23 poisoned needles
 f - 3 curare-tipped needles (quivered)
 h - 54 stones
 p - 26 bolts
Armour
 c - a +0 robe (worn)
 d - a +0 cloak (worn)
 i - a +0 helmet
 j - a +1 helmet (worn)
 n - a +0 chain mail
Scrolls
 l - 2 scrolls of identify
 o - a scroll of teleportation
Comestibles
 g - a ration


   Skills:
 + Level 2.0 Fighting
 + Level 2.2 Short Blades
 + Level 1.7 Throwing
 + Level 1.1 Dodging
 + Level 5.6 Stealth


You had 2 spell levels left.
You didn't know any spells.

Dungeon Overview and Level Annotations

Branches:
Dungeon (2/15)

Altars:


Innate Abilities, Weirdness & Mutations

You have extremely sharp teeth.
When hurt, damage is shared between your health and your magic reserves.
Your bite disrupts and absorbs the magic of your enemies.
Potions cannot restore your health.
You are immune to rotting.


Message History

The adder barely misses you. The adder bites you.
* * * LOW HITPOINT WARNING * * *
* * * LOW HITPOINT WARNING * * *
You feel sick.
You aren't carrying any potions.
As you read the scroll labeled MARONG CACRADI, it crumbles to dust.
It is a scroll of identify.
o - 2 scrolls of teleportation The adder misses you.
As you read the scroll of teleportation, it crumbles to dust.
You feel strangely unstable. The adder bites you.
You are more poisoned.
The adder poisons you!
* * * LOW HITPOINT WARNING * * *
You feel sick. The adder bites you.
You are more poisoned.
The adder poisons you!
Your surroundings suddenly seem different.
You die...

###########
#..........
#.K.%......
#..........
#..........
#.g........
#..@..@....
#######.###


You could see Sigmund (sleeping), a hobgoblin (sleeping) and a kobold
(wandering).

Vanquished Creatures
  An ooze (D:2)
  A dart slug (D:1)
  A goblin (D:1)
  6 hobgoblins
  3 jackals (D:1)
  3 kobolds (D:1)
  A ball python (D:1)
  4 bats (D:1)
  2 frilled lizards (D:1)
  4 rats
26 creatures vanquished.

Notes
Turn   | Place    | Note
-------+----------+-------------------------------------------
     0 | D:1      | pikmin25 the Vine Stalker Assassin began the quest for the Orb.
     0 | D:1      | Reached XP level 1. HP: 11/11 MP: 2/2
    64 | D:1      | Reached skill level 5 in Stealth
    82 | D:1      | Reached XP level 2. HP: 8/15 MP: 3/3
   307 | D:1      | Reached skill level 1 in Dodging
   896 | D:1      | Reached XP level 3. HP: 18/18 MP: 4/4
  1430 | D:2      | Succumbed to an adder's poison

Vault maps used:
D:1:      dpeg_arrival_rooms_b
D:2:      yredelemnul_forgotten_temple_becter, xom_teletrap_fun,
          gammafunk_temple_overflow_wave, trog_three_pillars_becter, uniq_robin,
          uniq_sigmund

Skill      XL: |  1  2 |
---------------+-------+-----
Stealth        | 5 |  5.6
Short Blades   | 2 |  2.2
Dodging        | 1 |  1.1
Fighting       | 2 |  2.0
Throwing       | |  1.7

Action                   || total
-------------------------++-------
Melee: Dagger            ||    71
       Bite              ||    17
  Use: Scroll            ||     2
 Stab: Sleeping          ||     6
  Eat: Chunk             ||     1
Armor: Robe              ||    34
Dodge: Dodged            ||    50

Table legend:
 A = Spawn XP
 B = Non-spawn XP
 C = Spawn XP percentage of total XP
 D = Spawn monster count
 E = Non-spawn monster count
 F = Spawn count percentage of total count
 G = Total turns spent on level
                    A         B        C        D         E        F      G
               +---------+---------+-------+---------+---------+-------+---------
         Total |       0 |      49 |   0.0 |       0 |      26 |   0.0 |  1430
               +---------+---------+-------+---------+---------+-------+---------
           D:1 |       0 |      37 |   0.0 |       0 |      22 |   0.0 |  1163
           D:2 |       0 |      12 |   0.0 |       0 |       4 |   0.0 |   267
               +---------+---------+-------+---------+---------+-------+---------
